 Dungeon Crawl Stone Soup version 0.17-a0-777-g32247ce (webtiles) character file.

563153 xeno23 the Cryomancer (level 26, -2/207 HPs)
             Began as a Merfolk Ice Elementalist on Apr 22, 2015.
             Was the Champion of Vehumet.
             Hit by a large rock thrown by a stone giant (28 damage)
             ... on level 2 of the Depths on Apr 25, 2015.
             The game lasted 09:46:39 (64914 turns).

xeno23 the Cryomancer (Merfolk Ice Elementalist)   Turns: 64914, Time: 09:46:40

Health: -2/207     AC: 12    Str:  9    XL:     26   Next: 9%
Magic:  0/56       EV: 23    Int: 27    God:    Vehumet [******]
Gold:   4035       SH: 16    Dex: 16    Spells: 11 memorised, 3 levels left

rFire  x . .     SeeInvis .     R - +9 demon trident (drain)
rCold  + . .     Clarity  .     L - +4 moon troll leather armour {Spirit, Regen++ MP+5}
rNeg   . . .     SustAb   .     r - +3 shield {reflect}
rPois  +         Gourm    +     m - +2 hat of the High Council {Archmagi, Wiz- Stlth-}
rElec  .         Spirit   +     V - +2 cloak {rPois}
rCorr  .         Warding  .     Y - +2 pair of gloves
rMut   .         Stasis   .     v - +2 pair of boots
MR     +++..                    q - amulet "Dunu" {Gourm MP+9}
Stlth  ++........               F - ring of ice
                                Z - ring of the Mage {Wiz MR++ Int+3}

@: about to teleport, marked, no potions, corroded equipment, very slightly
contaminated, hasted, very quick, extremely resistant to hostile enchantments,
unstealthy
A: change form in water, swift swim, deterioration 1
a: Renounce Religion
}: 4/15 runes: serpentine, barnacled, slimy, silver


You were on level 2 of the Depths.
You worshipped Vehumet.
Vehumet was exalted by your worship.
You were very full.

You visited 10 branches of the dungeon, and saw 54 of its levels.
You visited 1 bazaar.
You also visited: Ice Cave and Wizlab.

You collected 7946 gold pieces.
You spent 3911 gold pieces at shops.

Inventory:

Hand weapons
 a - a +8 blowgun
 R - a +9 demon trident of draining (weapon)
Missiles
 k - 6 curare-tipped needles
 T - 20 throwing nets (quivered)
Armour
 m - the +2 hat of the High Council (worn) {Archmagi, Wiz- Stlth-}
   (You bought it in a shop in a bazaar)

   It makes you less stealthy.
 o - a +3 troll leather armour
 r - a +3 shield of reflection (worn)
 v - a +2 pair of boots (worn)
 L - the +4 moon troll leather armour (worn) {Spirit, Regen++ MP+5}
   (You took it off a moon troll in a wizard's laboratory)

   It affects your magic capacity (+5).
   It increases your rate of regeneration.
 V - a +2 cloak of poison resistance (worn)
 Y - a +2 pair of gloves (worn)
Jewellery
 q - the amulet "Dunu" (around neck) {Gourm MP+9}
   (You found it on level 3 of the Elven Halls)

   [amulet of the gourmand]

   It allows you to eat raw meat even when not hungry.
   It affects your magic capacity (+9).
 x - an uncursed ring of protection from fire
 F - a ring of ice (right hand)
 K - an uncursed ring of teleportation
 Z - the ring of the Mage (left hand) {Wiz MR++ Int+3}
   (You found it on level 7 of the Lair of Beasts)

   [ring of wizardry]

   It improves your spell success rate.
   It affects your intelligence (+3).
   It affects your resistance to hostile enchantments.
Magical devices
 f - a wand of hasting (5)
 l - a wand of hasting (4)
 B - a wand of fireball (8)
 E - a wand of digging (13)
 S - a wand of teleportation (5)
Scrolls
 d - 13 scrolls of teleportation
 g - 23 scrolls of remove curse
 i - 7 scrolls of fog
 n - 11 scrolls of recharging
 s - 6 scrolls of enchant weapon
 u - a scroll of holy word
 y - 11 scrolls of fear
 z - 4 scrolls of blinking
 C - 16 scrolls of identify
 I - 6 scrolls of immolation
 J - 4 scrolls of magic mapping
 M - a scroll of brand weapon
Potions
 b - 2 potions of haste
 e - 5 potions of magic
 h - a potion of cure mutation
 j - 6 potions of cancellation
 p - 12 potions of curing
 t - 2 potions of resistance
 w - 2 potions of flight
 A - 11 potions of restore abilities
 D - 3 potions of agility
 G - 5 potions of might
 H - 10 potions of heal wounds
 N - 8 potions of brilliance
 Q - 2 potions of invisibility
Books
 O - Lehudib's Incunabulum of Stones
   (You found it in a wizard's laboratory)

   Spells                             Type                      Level
   a - Sandblast                      Earth                        1
   b - Leda's Liquefaction            Hexes/Earth                  4
   c - Petrify                        Transmutation/Earth          4
   d - Lee's Rapid Deconstruction     Earth                        5
   e - Statue Form                    Transmutation/Earth          6
   f - Lehudib's Crystal Spear        Conjuration/Earth            8
Comestibles
 c - 15 bread rations
 P - a meat ration


   Skills:
 - Level 16.8 Fighting
 - Level 14.0 Polearms
 - Level 10.0 Armour
 - Level 17.1 Dodging
 - Level 7.0 Stealth
 - Level 15.0 Shields
 - Level 15.0 Spellcasting
 + Level 16.5 Conjurations
 - Level 5.0 Charms
 - Level 6.0 Summonings
 - Level 6.3 Necromancy
 - Level 3.5 Translocations
 + Level 21.0 Ice Magic
 - Level 5.1 Air Magic


You had 3 spell levels left.
You knew the following spells:

 Your Spells              Type           Power        Failure   Level  Hunger
a - Orb of Destruction    Conj           ########..   1%          7    #####..
b - Blink                 Tloc           N/A          1%          2    None
c - Summon Ice Beast      Ice/Summ       ########     1%          4    None
d - Ozocubu's Refrigerat  Ice            ########..   1%          6    ####...
e - Freezing Cloud        Conj/Ice/Air   ########..   1%          6    ####...
f - Glaciate              Conj/Ice       ########..   28%         9    #######
n - Control Teleport      Chrm/Tloc      ######....   5%          4    None
q - Bolt of Cold          Conj/Ice       ########..   1%          6    ####...
r - Repel Missiles        Chrm/Air       ######       1%          2    None
t - Regeneration          Chrm/Necr      ######....   1%          3    None
x - Ozocubu's Armour      Chrm/Ice       ########     1%          3    None


Dungeon Overview and Level Annotations

Branches:
Dungeon (15/15)            Temple (1/1) D:7            Lair (8/8) D:8
 Shoals (5/5) Lair:3        Snake (5/5) Lair:6        Slime (6/6) Lair:8
    Orc (4/4) D:10            Elf (3/3) Orc:3        Vaults (5/5) D:14
  Crypt (0/3) Vaults:2     Depths (2/5) D:15

Altars:
Ashenzari
Cheibriados
Dithmenos
Elyvilon
Fedhas
Gozag
Kikubaaqudgha
Makhleb
Nemelex Xobeh
Okawaru
Qazlal
Ru
Sif Muna
Trog
Vehumet
Xom
Yredelemnul
Zin
The Shining One
Beogh

Shops:
D:4 }   D:6 =!   D:7 ?   D:12 [:   Orc:4 *:[(*   Elf:3 *   Shoals:1 ?
Shoals:5 =!}[   Snake:1 ?**!   Snake:2 %   Depths:1 ?

Portals:
Hell: Depths:1
Ziggurat: Depths:1

Annotations:
Elf:2 2 runed doors


Innate Abilities, Weirdness & Mutations

You revert to your normal form in water.
You are very nimble and swift while swimming.
Your body is slowly deteriorating.


Message History

The caustic shrike claws you!
* * * LOW HITPOINT WARNING * * *
You are splashed with acid!
The acid burns!
* * * LOW HITPOINT WARNING * * *
You take 29 damage.
Read which item? (? for menu, Esc to quit)
Okay, then.
You cannot drink potions in your current state!
Read which item? (? for menu, Esc to quit)
As you read the scroll of teleportation, it crumbles to dust.
You feel strangely unstable. You block the Executioner's attack.
You block the Executioner's attack. x2
The Executioner completely misses you. The Executioner hits you.
* * * LOW HITPOINT WARNING * * *
You block the Executioner's attack. The caustic shrike claws you!!
* * * LOW HITPOINT WARNING * * *
You are splashed with acid!
The acid burns!
* * * LOW HITPOINT WARNING * * *
The stone giant throws a large rock.
The large rock hits you!!
You die...

... . #...... ...#
##....... ##...#
##........###....#
##........###.....#
##........###...#..#
#[....C..###...#..####
#)......###..........#
#....@###†....#..##.#
##...1b2...†).#..##.##
##)###L†.###.#..##...
## #...####.#..##..#
##...###...........
##...## #.#.#..##..#
#...## ##.#.#..##..#
..... ...........# #
C.E#####.#.######..


You could see a caustic shrike, a stone giant, a hell beast, a lich and an
Executioner.

Vanquished Creatures
  the royal jelly (Slime:6)
  An ancient lich (Vaults:5)
  Mara (Vaults:4)
  Mennas (Vaults:4)
  Margery (Vaults:5)
  Norris (Vaults:3)
  Saint Roka (Vaults:1)
  Vashnia (Snake:5)
  2 golden dragons (Vaults:5)
  A lich (Vaults:5)
  Rupert (Lair:3)
  A tentacled monstrosity (Vaults:5)
  An Ice Fiend (Vaults:3)
  The ghost of karvarausku the Brawler, a mighty DrMo of Okawaru (Slime:5)
  3 deep elf blademasters
  3 quicksilver dragons
  15 acid blobs
  2 titans (Vaults:5)
  A moon troll (WizLab)
  2 deep elf master archers (Elf:3)
  11 tentacled starspawn (WizLab)
  Polyphemus (Shoals:2)
  A kraken (Shoals:3)
  A sphinx (Vaults:3)
  7 storm dragons
  3 tengu reavers (Vaults:5)
  5 fire giants
  4 shadow dragons (Vaults:5)
  14 greater nagas
  Ilsuiw (Shoals:5)
  Wiglaf (Snake:5)
  Donald (Elf:1)
  A frost giant (IceCv)
  15 vault wardens
  2 iron dragons (Vaults:5)
  7 deep elf sorcerers
  12 azure jellies (Slime:6)
  A cacodemon (WizLab)
  Aizul (Snake:3)
  Louise (Elf:1)
  2 orc warlords
  2 war gargoyles
  17 stone giants
  17 ironheart preservers
  13 very ugly things
  13 deep elf demonologists
  5 deep elf annihilators (Elf:3)
  8 merfolk javelineers
  Snorg (Lair:3)
  5 deep elf death magi (Elf:3)
  14 ettins
  3 crystal guardians
  An ettin (shapeshifter) (Vaults:3)
  37 vault guards
  3 death oozes (Slime:6)
  2 deep elf high priests (Elf:3)
  An entropy weaver (Depths:1)
  7 merfolk impalers
  9 fire dragons
  5 rakshasas
  Harold (Orc:1)
  21 yaktaur captains
  2 ice dragons (Depths:1)
  5 great orbs of eyes
  24 naga warriors
  7 hydras
  Erolcha (Orc:3)
  7 merfolk avatars
  11 anacondas
  The ghost of SaintRoka the Fighter, a powerful HETm of Cheibriados (D:11)
  Erica (D:8)
  2 catoblepae
  A tengu warrior (Depths:1)
  5 alligator snapping turtles
  4 merfolk aquamancers
  10 centaur warriors
  16 ogre magi
  2 deep troll shamans
  21 dancing weapons
  6 death yaks
  5 shock serpents
  6 salamander stormcallers
  5 satyrs
  20 naga sharpshooters
  5 deep troll earth magi
  3 orc high priests
  Nergalle (Orc:1)
  2 fire crabs (Vaults:2)
  A wretched star (WizLab)
  25 deep elf knights
  A shadow wraith (Vaults:3)
  15 deep trolls
  2 storm dragon skeletons (Vaults:2)
  9 hell knights
  7 skeletal warriors (Vaults:2)
  11 naga ritualists
  2 unseen horrors
  2 salamander mystics
  2 flayed ghosts
  7 deep elf summoners
  12 starcursed masses (WizLab)
  3 lindwurms (Lair:8)
  3 spriggan druids (Depths:1)
  17 sea snakes
  A harpy (shapeshifter) (D:12)
  3 harpies (Shoals:5)
  12 ironbrand convokers
  20 orc knights
  9 manticores
  A wizard (Vaults:2)
  8 hill giants
  15 deep elf conjurers
  3 necromancers
  A stone giant zombie (Vaults:3)
  7 fauns
  8 giant orange brains
  A hornet (shapeshifter) (Vaults:5)
  9 salamanders
  2 cyclopes
  11 griffons
  5 orc sorcerers
  A sphinx skeleton (Vaults:3)
  28 ugly things
  7 mana vipers
  A water nymph (Shoals:2)
  6 wolf spiders
  36 black mambas
  4 phantasmal warriors
  3 hornets
  10 elephants
  2 drowned souls (Shoals:5)
  6 guardian serpents
  A stone giant skeleton (Vaults:2)
  An orc zombie (Vaults:2)
  5 sirens
  A sixfirhy (Depths:2)
  Joseph (D:8)
  2 gargoyles (D:15)
  An orange crystal statue (WizLab)
  An orange demon (Elf:3)
  4 shining eyes
  24 naga magi
  5 torpor snails (Lair:8)
  12 vault sentinels
  A hellion (Depths:2)
  A fire giant skeleton (Vaults:2)
  9 spiny frogs
  A smoke demon (Elf:3)
  36 yaktaurs
  A small abomination (Elf:3)
  A spiny frog (shapeshifter) (Elf:1)
  7 eyes of devastation (WizLab)
  An efreet (D:13)
  2 elves (shapeshifter)
  A fire drake (shapeshifter) (Vaults:4)
  11 trolls
  9 komodo dragons
  A tengu conjurer (Depths:1)
  6 human skeletons (Vaults:2)
  16 two-headed ogres
  15 deep elf priests
  5 freezing wraiths
  A yaktaur skeleton (Vaults:2)
  4 fire drakes
  A polar bear (shapeshifter) (Vaults:3)
  A jumping spider (Elf:3)
  41 merfolk
  9 blink frogs
  12 polar bears
  11 ravens
  A wind drake (shapeshifter) (Elf:2)
  5 boulder beetles
  Grinder (D:4)
  2 wind drakes (Shoals:2)
  3 giant leeches (Lair:8)
  2 trapdoor spiders
  80 slime creatures
  2 baby alligators (shapeshifter)
  A two-headed ogre (shapeshifter) (D:13)
  15 snapping turtles
  A trapdoor spider (shapeshifter) (Vaults:5)
  2 redbacks (Vaults:5)
  2 tarantellas (shapeshifter)
  2 yaks (shapeshifter)
  A spriggan (shapeshifter) (Vaults:5)
  11 water elementals
  A wyvern (D:14)
  4 wraiths
  A vampire (D:15)
  A fire giant simulacrum (Vaults:3)
  32 deep elf magi
  A tarantella (Vaults:5)
  3 basilisks
  44 yaks
  A basilisk (shapeshifter) (Vaults:3)
  12 spriggans (Depths:1)
  47 deep elf fighters
  28 golden eyes
  3 hungry ghosts
  20 vampire mosquitoes
  14 hippogriffs
  3 neqoxecs (WizLab)
  17 wolves
  2 mottled dragons (Vaults:1)
  31 water moccasins
  64 nagas
  8 wargs
  A porcupine (shapeshifter) (D:15)
  A black bear (D:5)
  12 porcupines
  A deep troll skeleton (Vaults:2)
  56 orc warriors
  8 ice beasts
  7 wasps
  9 sky beasts
  A necrophage (D:10)
  39 ogres
  A phantom (D:6)
  3 eyes of draining
  3 boring beetles
  30 centaurs
  An orc skeleton (Vaults:2)
  A brain worm (Lair:8)
  20 crocodiles
  2 big kobolds (D:9)
  19 giant frogs
  5 scorpions
  13 killer bees
  An elf skeleton (Vaults:2)
  8 wights
  2 electric eels (D:12)
  5 centaur zombies
  2 human simulacra
  A vampire bat (Orc:1)
  2 crimson imps
  18 jellies
  42 orc priests
  14 two-headed ogre zombies (Orc:3)
  5 quasits
  6 hounds
  4 giant frog skeletons
  10 iguanas
  2 centaur skeletons
  52 orc wizards
  5 hell rats
  11 sheep
  5 worker ants
  A hound zombie (D:9)
  2 hound skeletons (D:6)
  A worker ant zombie (D:7)
  5 gnolls
  30 river rats
  11 adders
  3 shadow imps
  11 white imps
  2 ufetubi (D:12)
  An adder skeleton (D:8)
  14 worms
  4 giant geckos
  255 orcs
  20 bats
  A bat skeleton (D:4)
  8 giant cockroaches
  17 goblins
  25 hobgoblins
  11 jackals
  A quokka (D:2)
  3 ball pythons
  2 giant gecko skeletons
  A giant gecko zombie (D:8)
  2 giant newts
  2 gnoll zombies (D:4)
  A jackal skeleton (D:6)
  27 kobolds
  16 rats
  5 ballistomycetes (D:7)
  4 crawling corpses (Elf:3)
  2 fungi
  9 plants
  16 starspawn tentacles (WizLab)
  3 starspawn tentacle segments (WizLab)
  2 tentacles (Shoals:3)
2506 creatures vanquished.

Vanquished Creatures (collateral kills)
  5 hydras
  A naga warrior (Snake:5)
  An ice dragon (Lair:8)
  A centaur warrior (D:8)
  An anaconda (Snake:3)
  A death yak (Lair:8)
  A naga sharpshooter (Snake:5)
  A deep elf knight (Elf:1)
  An ice statue (IceCv)
  2 griffons (Lair:5)
  2 mana vipers
  An ugly thing (D:8)
  An oklob plant (Lair:7)
  7 elephants
  2 salamanders
  A guardian serpent (Snake:1)
  2 black mambas
  3 torpor snails
  2 naga magi (Snake:5)
  2 komodo dragons
  2 spiny frogs
  A two-headed ogre (D:8)
  A polar bear (IceCv)
  15 blink frogs
  A basilisk (Lair:4)
  25 yaks
  11 wolves
  5 nagas
  An ice beast (D:5)
  4 water moccasins
  4 orc warriors
  A porcupine (Lair:4)
  A black bear (D:6)
  4 ogres
  2 centaurs
  2 wasps (Lair:8)
  5 crocodiles
  A big kobold (D:6)
  3 brain worms (Lair:8)
  3 giant frogs
  2 gnoll sergeants
  A killer bee (D:8)
  A scorpion (D:8)
  A jelly (D:8)
  A crimson imp (D:7)
  A giant frog zombie (D:6)
  3 orc wizards
  2 orc priests
  A giant frog skeleton (D:6)
  An iguana (D:6)
  20 sheep
  A hound zombie (D:8)
  7 gnolls (D:8)
  An adder (D:6)
  9 river rats
  3 white imps (Lair:2)
  4 worms (Lair:8)
  15 orcs
  A ball python (D:4)
  A goblin (Orc:2)
  A bat (D:8)
  A jackal skeleton (D:7)
  2 kobolds (D:6)
210 creatures vanquished.

Vanquished Creatures (others)
  A lich (Vaults:5)
  2 stone giants
  A merfolk javelineer (Shoals:5)
  3 yaktaur captains
  A centaur warrior (Depths:1)
  A shadow wraith (Vaults:5)
  A wizard (Depths:1)
  A cyclops (Vaults:2)
  A mana viper (Snake:4)
  7 drowned souls
  A black mamba (Lair:1)
  A vault sentinel (Vaults:2)
  A naga mage (Snake:5)
  6 yaktaurs
  3 polar bears (IceCv)
  A raven (Depths:1)
  A deep elf mage (Elf:3)
  2 yaks (IceCv)
  A water moccasin (Lair:1)
  An orc warrior (Vaults:2)
  7 centaurs
  A lost soul (Elf:3)
  140 ice beasts
  An iguana (Lair:1)
  An ufetubus (D:12)
  A giant cockroach (D:3)
  A giant spore (D:7)
  15 fungi
  6 plants
  A singularity (WizLab)
  19 starspawn tentacles (WizLab)
  204 starspawn tentacle segments (WizLab)
  2 tentacles (Shoals:3)
  4 tentacle segments (Shoals:3)
440 creatures vanquished.

Grand Total: 3156 creatures vanquished

Notes
Turn   | Place    | Note
--------------------------------------------------------------
     0 | D:1      | xeno23, the Merfolk Ice Elementalist, began the quest for the Orb.
     0 | D:1      | Reached XP level 1. HP: 13/13 MP: 3/3
   395 | D:1      | Reached XP level 2. HP: 16/19 MP: 0/5
   396 | D:1      | Reached skill level 4 in Ice Magic
   707 | D:1      | Reached XP level 3. HP: 5/24 MP: 1/6
  1311 | D:2      | Reached skill level 5 in Ice Magic
  1354 | D:2      | Learned a level 3 spell: Ozocubu's Armour
  1503 | D:2      | Reached XP level 4. HP: 28/30 MP: 7/7
  1509 | D:2      | Reached skill level 1 in Charms
  2348 | D:3      | Reached XP level 5. HP: 5/35 MP: 4/9
  2842 | D:3      | Found a glowing silver altar of Zin.
  2847 | D:3      | Noticed an angel
  2849 | D:3      | Found a shimmering altar of Xom.
  3182 | D:4      | Learned a level 4 spell: Summon Ice Beast
  3200 | D:4      | Found Befrot's Gadget Boutique.
  3422 | D:4      | Noticed Grinder
  3693 | D:4      | Killed Grinder
  3693 | D:4      | Reached XP level 6. HP: 32/44 MP: 8/11
  3744 | D:4      | Noticed an ogre
  3749 | D:4      | Killed an ogre
  3749 | D:4      | Reached XP level 7. HP: 43/50 MP: 7/12
  3774 | D:4      | Noticed an ogre
  3797 | D:4      | Killed an ogre
  3848 | D:4      | Noticed an ogre
  3932 | D:4      | Killed an ogre
  3979 | D:4      | Found a radiant altar of Vehumet.
  3985 | D:4      | Became a worshipper of Vehumet
  4244 | D:4      | Found a sparkling altar of Nemelex Xobeh.
  4374 | D:4      | Found a basalt altar of Yredelemnul.
  4405 | D:5      | Entered Level 5 of the Dungeon
  4745 | D:5      | Found a white marble altar of Elyvilon.
  4926 | D:5      | Found an ancient bone altar of Kikubaaqudgha.
  5364 | D:6      | Acquired Vehumet's first power
  5364 | D:6      | Offered knowledge of Sandblast by Vehumet.
  5405 | D:6      | Reached XP level 8. HP: 29/58 MP: 1/14
  5422 | D:6      | Reached skill level 5 in Charms
  5636 | D:6      | Found a bloodstained altar of Trog.
  5650 | D:6      | Found Zogra's Jewellery Shoppe.
  5777 | D:5      | Reached skill level 5 in Summonings
  6082 | D:6      | Reached skill level 6 in Ice Magic
  6745 | D:6      | Offered knowledge of Shock by Vehumet.
  6745 | D:6      | Reached skill level 5 in Spellcasting
  6745 | D:6      | Reached XP level 9. HP: 35/64 MP: 8/16
  6852 | D:6      | Found Foumucw's Distillery.
  6858 | D:6      | Bought a potion of heal wounds for 75 gold pieces
  7237 | D:6      | Upgraded the game from 0.17-a0-744-gaa96792 to 0.17-a0-755-g4391640
  7527 | D:7      | Found a staircase to the Ecumenical Temple.
  7535 | D:7      | Reached skill level 7 in Ice Magic
  7560 | Temple   | Entered the Ecumenical Temple
  8093 | D:7      | Reached skill level 1 in Shields
  8261 | D:7      | Found a burning altar of Makhleb.
  8261 | D:7      | Found a stormy altar of Qazlal.
  8517 | D:7      | Found Quroa's Magic Scroll Shoppe.
  8526 | D:7      | Bought a scroll of identify for 26 gold pieces
  8526 | D:7      | Bought a scroll of identify for 26 gold pieces
  8526 | D:7      | Bought a scroll of identify for 26 gold pieces
  8528 | D:7      | Bought a scroll of enchant armour for 97 gold pieces
  8653 | D:8      | Found a staircase to the Lair.
  8694 | D:8      | Reached skill level 8 in Ice Magic
  8697 | D:8      | Offered knowledge of Inner Flame by Vehumet.
  8917 | D:8      | Noticed a catoblepas
  8919 | D:8      | Reached skill level 5 in Dodging
  8926 | D:8      | Acquired Vehumet's second power
  9026 | D:8      | Found a sparkling altar of Nemelex Xobeh.
  9026 | D:8      | Noticed a centaur warrior
  9050 | D:8      | Killed a centaur warrior
  9050 | D:8      | Reached skill level 5 in Fighting
  9050 | D:8      | Reached XP level 10. HP: 15/74 MP: 8/17
  9051 | D:8      | Found a blossoming altar of Fedhas.
  9146 | D:8      | Found a shattered altar of Ashenzari.
  9165 | D:8      | Found an iron altar of Okawaru.
  9336 | D:8      | Noticed a centaur warrior
  9350 | D:8      | Killed a centaur warrior
  9350 | D:8      | Reached skill level 9 in Ice Magic
  9475 | D:8      | Noticed Joseph
  9517 | D:8      | Noticed Erica
  9714 | Lair:1   | Entered Level 1 of the Lair of Beasts
  9721 | Lair:1   | Reached skill level 1 in Polearms
  9814 | Lair:1   | Offered knowledge of Conjure Flame by Vehumet.
  9866 | Lair:1   | Got a jewelled hand axe
 10067 | Lair:1   | Noticed a black mamba
 10080 | Lair:1   | Killed a black mamba
 10160 | Lair:1   | Reached skill level 5 in Polearms
 10223 | Lair:1   | Reached skill level 10 in Ice Magic
 10474 | Lair:1   | Noticed a black mamba
 10489 | Lair:1   | Banished a black mamba
 10490 | Lair:1   | Reached XP level 11. HP: 30/83 MP: 10/18
 10603 | Lair:2   | Found a frozen archway.
 10643 | IceCv    | Entered an ice cave
 10658 | IceCv    | Acquired Vehumet's third power
 10699 | IceCv    | HP: 1/83 [something (8)]
 10849 | IceCv    | Noticed an ice statue
 11143 | IceCv    | Killed an ice statue
 11211 | IceCv    | Offered knowledge of Bolt of Draining by Vehumet.
 11342 | IceCv    | Reached skill level 11 in Ice Magic
 11969 | IceCv    | Noticed a death yak
 11970 | IceCv    | Noticed a frost giant
 12047 | IceCv    | Killed a death yak
 12047 | IceCv    | Reached XP level 12. HP: 91/91 MP: 19/19
 12084 | IceCv    | Killed a frost giant
 12084 | IceCv    | Reached skill level 10 in Polearms
 12084 | IceCv    | Reached skill level 12 in Ice Magic
 12697 | Lair:2   | You fall through a shaft!
 12740 | Lair:3   | Noticed Rupert
 12786 | Lair:3   | Killed Rupert
 13013 | Lair:3   | Offered knowledge of Sticky Flame by Vehumet.
 13098 | Lair:3   | Noticed Snorg
 13116 | Lair:3   | Killed Snorg
 13913 | D:6      | Bought the ring "Faov" {-Tele rElec rPois rN+ Str+2} for 404 gold pieces
 13963 | D:7      | Bought a scroll of enchant armour for 97 gold pieces
 14049 | Lair:3   | Found a staircase to the Shoals.
 14584 | Lair:4   | Noticed a seven-headed hydra
 14592 | Lair:4   | Reached skill level 10 in Dodging
 14599 | Lair:4   | Killed a seven-headed hydra
 14933 | Lair:4   | Got a jewelled morningstar
 14935 | Lair:4   | Identified the +5 morningstar "Muacw" {crush, MR+ Dex+3 Stlth+} (You found it on level 4 of the Lair of Beasts)
 15098 | Lair:4   | Reached skill level 13 in Ice Magic
 15624 | Lair:5   | Reached XP level 13. HP: 96/101 MP: 19/21
 15811 | Lair:5   | Noticed a four-headed hydra
 16101 | Lair:5   | Killed a four-headed hydra
 16321 | Lair:5   | Noticed a seven-headed hydra
 16335 | Lair:5   | Killed a seven-headed hydra
 16593 | Lair:6   | Got a steaming battleaxe
 16725 | Lair:6   | Offered knowledge of Bolt of Cold by Vehumet.
 17078 | Lair:6   | Found a staircase to the Snake Pit.
 17326 | Lair:6   | Found a runed door.
 17589 | Lair:7   | Reached skill level 14 in Ice Magic
 17649 | Lair:7   | Got a slimy platinum ring
 17690 | Lair:7   | Identified the ring "Diewkiwn" {Fire MP+9 Str+2 Int+2} (You found it on level 7 of the Lair of Beasts)
 17786 | Lair:7   | Reached skill level 10 in Fighting
 17800 | Lair:7   | Learned a level 6 spell: Bolt of Cold
 17803 | Lair:7   | Learned a level 2 spell: Blink
 17806 | Lair:7   | Learned a level 2 spell: Repel Missiles
 17872 | Lair:7   | Reached skill level 1 in Conjurations
 18126 | Lair:7   | Reached skill level 1 in Translocations
 19004 | Lair:8   | Entered Level 8 of the Lair of Beasts
 19087 | Lair:7   | Reached XP level 14. HP: 82/111 MP: 0/24
 19498 | Lair:8   | Offered knowledge of Iskenderun's Battlesphere by Vehumet.
 19989 | Lair:8   | Found a staircase to the Slime Pits.
 20682 | Lair:8   | Found a runed door.
 20779 | Lair:8   | Offered knowledge of Lee's Rapid Deconstruction by Vehumet.
 20867 | Lair:8   | Reached skill level 5 in Conjurations
 20951 | Lair:8   | Got a scorched helmet
 20962 | Lair:8   | Identified the +0 helmet "Etoikhua" {+Fly rF- rN++ Slay+3} (You found it on level 8 of the Lair of Beasts)
 21686 | Lair:1   | Identified the +8 battleaxe of Ziopiac {speed, Int+7} (You found it on level 6 of the Lair of Beasts)
 21822 | D:8      | Killed Joseph
 21839 | D:8      | Killed a catoblepas
 22340 | D:8      | Noticed a brown ugly thing
 22350 | D:8      | Killed a brown ugly thing
 22371 | D:8      | Found a staircase to the Lair.
 22438 | D:8      | Killed Erica
 22600 | D:8      | Found a shattered altar of Ashenzari.
 22600 | D:8      | Found an iron altar of Okawaru.
 22602 | D:8      | Found a sparkling altar of Nemelex Xobeh.
 22602 | D:8      | Found a blossoming altar of Fedhas.
 22881 | D:9      | Found a snail-covered altar of Cheibriados.
 23205 | D:9      | Got a pitted cloak
 23262 | D:9      | Offered knowledge of Freezing Cloud by Vehumet.
 23298 | D:9      | Learned a level 6 spell: Freezing Cloud
 23547 | D:9      | Identified the +1 cloak "Bamaney" {rC- rCorr MP+9 Str+6} (You found it on level 9 of the Dungeon)
 23970 | D:10     | Entered Level 10 of the Dungeon
 24036 | D:10     | Got a warped flail
 24047 | D:10     | Found a staircase to the Orcish Mines.
 24197 | Orc:1    | Entered Level 1 of the Orcish Mines
 24316 | Orc:1    | Reached XP level 15. HP: 119/119 MP: 27/27
 24380 | Orc:1    | Noticed Nergalle
 24384 | Orc:1    | Killed Nergalle
 24424 | Orc:1    | Offered knowledge of Conjure Ball Lightning by Vehumet.
 24601 | Orc:1    | Noticed Harold
 24610 | Orc:1    | Killed Harold
 24610 | Orc:1    | Reached skill level 1 in Air Magic
 25473 | Orc:3    | Found a roughly hewn altar of Beogh.
 25487 | Orc:3    | Offered knowledge of Ozocubu's Refrigeration by Vehumet.
 25498 | Orc:3    | Learned a level 6 spell: Ozocubu's Refrigeration
 25973 | Orc:3    | Noticed Erolcha
 25982 | Orc:3    | Killed Erolcha
 26386 | Orc:4    | Entered Level 4 of the Orcish Mines
 26386 | Orc:4    | Found Neges's Assorted Antiques.
 26398 | Orc:4    | Bought a scroll of identify for 66 gold pieces
 26398 | Orc:4    | Bought a scroll labeled CAECVO UDDAPYUTAE for 33 gold pieces
 26573 | Orc:4    | Found a roughly hewn altar of Beogh.
 26648 | Orc:3    | Found a staircase to the Elven Halls.
 26813 | Orc:4    | Found a roughly hewn altar of Beogh.
 27013 | Orc:4    | Found a roughly hewn altar of Beogh.
 27013 | Orc:4    | Found Dypan's Book Emporium.
 27123 | Orc:4    | Found a roughly hewn altar of Beogh.
 27124 | Orc:4    | Found Ujiser's Assorted Antiques.
 27304 | Orc:4    | Offered knowledge of Lehudib's Crystal Spear by Vehumet.
 27304 | Orc:4    | Offered knowledge of Glaciate by Vehumet.
 27304 | Orc:4    | Offered knowledge of Tornado by Vehumet.
 27345 | Orc:4    | Found a roughly hewn altar of Beogh.
 27356 | Orc:4    | Found Gaaddet's Antique Armour Shoppe.
 27358 | Orc:4    | Found Ceim's Antique Weapon Emporium.
 27398 | Orc:4    | Bought a shimmering trident for 306 gold pieces
 27399 | Orc:4    | Identified the cursed +3 trident "Brush" {flame, rElec rF- rC+ Str+4} (You bought it in a shop on level 4 of the Orcish Mines)
 27469 | Orc:4    | Found a roughly hewn altar of Beogh.
 27678 | Orc:4    | Found a roughly hewn altar of Beogh.
 28057 | Snake:1  | Entered Level 1 of the Snake Pit
 28783 | Snake:1  | Found Modat's Magic Scroll Emporium.
 28791 | Snake:1  | Bought a scroll of identify for 24 gold pieces
 28791 | Snake:1  | Bought a scroll of identify for 24 gold pieces
 28791 | Snake:1  | Bought a scroll of enchant armour for 90 gold pieces
 28791 | Snake:1  | Bought a scroll of enchant armour for 90 gold pieces
 28852 | Snake:1  | Found Fakhlionu's General Store.
 28867 | Snake:1  | Bought a potion of heal wounds for 55 gold pieces
 28933 | Snake:1  | Found Jonafok's Distillery.
 28944 | Snake:1  | Found Akuxur's General Store.
 28952 | Snake:1  | Bought a scroll of identify for 28 gold pieces
 29573 | Snake:2  | Found Yfacof's Food Shop.
 29673 | Snake:2  | Reached XP level 16. HP: 118/127 MP: 18/29
 29837 | Snake:2  | Gained mutation: Armour fits poorly on your strangely shaped body. [potion of mutation]
 29837 | Snake:2  | Gained mutation: You passively map a small area around you. [potion of mutation]
 29837 | Snake:2  | Gained mutation: You are frail (-10% HP). [potion of mutation]
 29838 | Snake:2  | Lost mutation: You are frail (-10% HP). [potion of cure mutation]
 29838 | Snake:2  | Lost mutation: Armour fits poorly on your strangely shaped body. [potion of cure mutation]
 29838 | Snake:2  | Lost mutation: You passively map a small area around you. [potion of cure mutation]
 30714 | Snake:3  | Noticed Aizul
 30732 | Snake:3  | Killed Aizul
 31460 | Snake:3  | Reached skill level 10 in Spellcasting
 31858 | Snake:4  | Reached skill level 10 in Conjurations
 31987 | Snake:4  | Reached XP level 17. HP: 106/135 MP: 17/31
 31987 | Snake:4  | Reached skill level 5 in Air Magic
 32371 | Snake:4  | Reached skill level 15 in Dodging
 32585 | Snake:5  | Entered Level 5 of the Snake Pit
 32615 | Snake:5  | Noticed Wiglaf
 32657 | Snake:5  | Killed Wiglaf
 33666 | Snake:5  | Reached skill level 16 in Dodging
 33966 | Snake:5  | Got a serpentine rune of Zot
 33975 | Snake:5  | Reached XP level 18. HP: 146/146 MP: 26/32
 34155 | Snake:5  | Noticed Vashnia
 34424 | Snake:5  | Killed Vashnia
 34836 | Shoals:1 | Entered Level 1 of the Shoals
 35162 | Shoals:1 | Reached skill level 1 in Armour
 35169 | Shoals:1 | Found Vat Geg's Magic Scroll Emporium.
 35184 | Shoals:1 | Bought a scroll of identify for 34 gold pieces
 35184 | Shoals:1 | Bought a scroll of identify for 34 gold pieces
 35184 | Shoals:1 | Bought a scroll of blinking for 127 gold pieces
 35184 | Shoals:1 | Bought a scroll of silence for 127 gold pieces
 35791 | Shoals:2 | You fall through a shaft!
 35990 | Shoals:2 | Noticed Polyphemus
 36051 | Shoals:2 | Killed Polyphemus
 37337 | Shoals:3 | Reached skill level 5 in Stealth
 38464 | Shoals:5 | Entered Level 5 of the Shoals
 38552 | Shoals:5 | Found Puguil's Antique Armour Boutique.
 38598 | Shoals:5 | Noticed Ilsuiw
 38684 | Shoals:5 | Killed Ilsuiw
 38785 | Shoals:5 | Found Quesk's Gadget Emporium.
 38865 | Shoals:5 | Found Tiritt's Distillery.
 38879 | Shoals:5 | Bought a potion of heal wounds for 80 gold pieces
 38946 | Shoals:5 | Reached XP level 19. HP: 142/153 MP: 28/33
 39122 | Shoals:5 | Found Ekoo's Jewellery Boutique.
 39133 | Shoals:5 | Reached skill level 15 in Ice Magic
 39177 | Shoals:5 | Bought an uncursed ring of ice for 400 gold pieces
 39722 | Shoals:5 | Got a barnacled rune of Zot
 40070 | Lair:1   | Gained mutation: You are dopey. (Int -2) [potion of mutation]
 40070 | Lair:1   | Gained mutation: You occasionally shout uncontrollably at your foes. [potion of mutation]
 40070 | Lair:1   | Gained mutation: You have a pair of small antennae on your head. [potion of mutation]
 40072 | Lair:1   | Lost mutation: You have a pair of small antennae on your head. [potion of cure mutation]
 40072 | Lair:1   | Lost mutation: You occasionally shout uncontrollably at your foes. [potion of cure mutation]
 40072 | Lair:1   | Lost mutation: You are dopey. (Int -2) [potion of cure mutation]
 40316 | Elf:1    | Entered Level 1 of the Elven Halls
 40374 | Elf:1    | Noticed Donald
 40383 | Elf:1    | Killed Donald
 40440 | Elf:1    | Reached skill level 17 in Dodging
 40522 | Elf:1    | Got a smoking plate armour
 40698 | Elf:1    | Noticed Louise
 40713 | Elf:1    | Killed Louise
 40863 | Elf:1    | Identified the +7 plate armour "Adyokufal" {rPois} (You found it on level 1 of the Elven Halls)
 40966 | Elf:1    | Reached skill level 5 in Armour
 41199 | Elf:1    | Reached skill level 5 in Shields
 42134 | Elf:2    | Found a large runed door.
 42134 | Elf:2    | Found a large runed door.
 42177 | Elf:2    | Found a large runed door.
 42177 | Elf:2    | Found a large runed door.
 42402 | Elf:2    | Reached XP level 20. HP: 92/161 MP: 12/34
 42848 | Elf:3    | Entered Level 3 of the Elven Halls
 43196 | Elf:3    | Found Diopicaf's General Store.
 43455 | Elf:3    | Reached skill level 10 in Shields
 43744 | Elf:3    | Got a steaming lajatang
 43909 | Elf:3    | Got a brightly glowing rapier
 43911 | Elf:3    | Got a brightly glowing long sword
 43919 | Elf:3    | Identified the cursed +2 rapier of Gravity {flame, Int+2} (You found it on level 3 of the Elven Halls)
 43922 | Elf:3    | Identified the +5 long sword of Ambiguity {slice, rPois rN+ Int+4} (You found it on level 3 of the Elven Halls)
 43935 | Elf:3    | Got a faintly glowing spear
 43936 | Elf:3    | Identified the +1 spear of Gozag's Displeasure {vamp, Int+2} (You found it on level 3 of the Elven Halls)
 43955 | Elf:3    | Got a faintly glowing scale mail
 43969 | Elf:3    | Got a brightly glowing ruby amulet
 43971 | Elf:3    | Identified the amulet "Dunu" {Gourm MP+9} (You found it on level 3 of the Elven Halls)
 43989 | Elf:3    | Identified the +2 scale mail "Xefriokk" {SInv} (You found it on level 3 of the Elven Halls)
 44043 | Elf:3    | Identified Neshuz's Guide on Confrontation and Heat
 44558 | Lair:1   | Upgraded the game from 0.17-a0-755-g4391640 to 0.17-a0-764-gd40c196
 44583 | Lair:1   | Learned a level 7 spell: Orb of Destruction
 45083 | D:11     | Noticed SaintRoka's ghost (powerful HETm)
 45096 | D:11     | Killed SaintRoka's ghost
 45940 | D:12     | Found Gaoxeci's Book Shoppe.
 45965 | D:12     | Bought a book of Battle for 560 gold pieces
 45970 | D:12     | Found a stormy altar of Qazlal.
 46390 | D:12     | Found Wingal's Antique Armour Emporium.
 47440 | D:14     | Found a gate to the Vaults.
 47458 | D:14     | Reached XP level 21. HP: 167/167 MP: 35/35
 48333 | D:15     | Entered Level 15 of the Dungeon
 48344 | D:15     | Reached skill level 15 in Shields
 48363 | D:15     | Learned a level 3 spell: Regeneration
 48427 | D:15     | Reached skill level 1 in Necromancy
 48469 | D:15     | Found a staircase to the Depths.
 48940 | D:15     | Found a runed door.
 50029 | Vaults:1 | Entered Level 1 of the Vaults
 50090 | Vaults:1 | Found a flickering gateway to a bazaar.
 50103 | Bazaar   | Entered a bazaar
 50111 | Bazaar   | Found Kaschare's Antique Weapon Emporium.
 50125 | Bazaar   | Found Itsep's Antique Weapon Shoppe.
 50140 | Bazaar   | Found Egigoz's Antique Armour Shoppe.
 50151 | Bazaar   | Found Luostrax's Antique Armour Emporium.
 50156 | Bazaar   | Bought a steaming helmet for 190 gold pieces
 50166 | Bazaar   | Identified the +2 helmet of the Quahog {rF++ Regen+ Dex-5} (You bought it in a shop in a bazaar)
 50168 | Bazaar   | Bought the +2 hat of the High Council {Archmagi, Wiz- Stlth-} for 892 gold pieces
 50722 | Vaults:1 | Noticed Saint Roka
 50741 | Vaults:1 | Killed Saint Roka
 51272 | Vaults:1 | Reached skill level 5 in Necromancy
 52092 | Vaults:2 | Reached XP level 22. HP: 158/174 MP: 36/36
 52374 | Vaults:2 | Found a staircase to the Crypt.
 54068 | Vaults:3 | Noticed Norris
 54075 | Vaults:3 | Killed Norris
 54958 | Vaults:4 | Reached XP level 23. HP: 180/180 MP: 37/37
 54981 | Vaults:4 | Noticed Mara
 54982 | Vaults:4 | Noticed xeno23's illusion
 54994 | Vaults:4 | Killed Mara
 55505 | Vaults:4 | Reached skill level 10 in Armour
 55942 | Vaults:5 | Entered Level 5 of the Vaults
 55946 | Vaults:5 | Reached skill level 15 in Fighting
 55948 | Vaults:5 | Reached skill level 18 in Ice Magic
 56112 | Vaults:5 | Reached skill level 15 in Conjurations
 56114 | Vaults:5 | Noticed Mennas
 56325 | Vaults:4 | Killed Mennas
 56645 | Vaults:5 | Noticed Margery
 56660 | Vaults:5 | Killed Margery
 56992 | Vaults:5 | Reached skill level 19 in Ice Magic
 57033 | Vaults:5 | Reached XP level 24. HP: 173/191 MP: 37/37
 57154 | Vaults:5 | Got a translucent steel ring
 57186 | Vaults:5 | Identified the ring "Oskuq" {rPois rN++ Int+2 Dex-4} (You found it on level 5 of the Vaults)
 57270 | Vaults:5 | Noticed an ancient lich
 57277 | Vaults:5 | Killed an ancient lich
 57614 | Vaults:5 | Got a silver rune of Zot
 57947 | Vaults:5 | Got a warped glaive
 57970 | Vaults:5 | Identified Sif Muna's Disquisition on Self-Improvement (You found it on level 5 of the Vaults)
 58001 | Vaults:5 | Identified Vehumet's Disquisition on Confrontation (You found it on level 5 of the Vaults)
 58177 | Vaults:5 | Gained mutation: You are somewhat resistant to further mutation. [potion of beneficial mutation]
 58203 | Vaults:5 | Got a brightly glowing leather armour
 58214 | Vaults:5 | Identified the +1 leather armour "Tigoell" {-Cast rPois rCorr} (You found it on level 5 of the Vaults)
 58289 | Vaults:5 | Reached skill level 20 in Ice Magic
 58362 | Vaults:5 | Identified the +5 glaive of Shrieking Terror {chop, rN++} (You took it off an orc warrior on level 5 of the Vaults)
 59750 | Lair:1   | Upgraded the game from 0.17-a0-764-gd40c196 to 0.17-a0-777-g32247ce
 59790 | Lair:1   | Learned a level 4 spell: Control Teleport
 60085 | Slime:1  | Entered Level 1 of the Pits of Slime
 60274 | Slime:5  | Noticed karvarausku's ghost (mighty DrMo)
 60299 | Slime:5  | Killed karvarausku's ghost
 60445 | Slime:6  | Entered Level 6 of the Pits of Slime
 60485 | Slime:6  | Gained mutation: Scrolls take you a little longer to read. [a shining eye]
 60568 | Slime:6  | Noticed the royal jelly
 60580 | Slime:6  | Killed the royal jelly
 60580 | Slime:6  | Reached XP level 25. HP: 138/200 MP: 24/39
 61075 | Slime:6  | Got a slimy rune of Zot
 61197 | Slime:6  | Got a bloodstained leather armour
 61199 | Slime:6  | Got a fine glaive
 61459 | Slime:6  | Identified the +2 leather armour of Ejeejaysk {rC+} (You found it on level 6 of the Pits of Slime)
 61791 | Lair:1   | Identified the +5 glaive of Dishonour {flame, rElec MP-9 Str+7} (You found it on level 6 of the Pits of Slime)
 61826 | Lair:1   | Lost mutation: You are somewhat resistant to further mutation. [potion of cure mutation]
 61826 | Lair:1   | Lost mutation: Scrolls take you a little longer to read. [potion of cure mutation]
 62088 | Depths:1 | Entered Level 1 of the Depths
 62186 | Depths:1 | Found Quigi's Magic Scroll Emporium.
 62223 | Depths:1 | Found a gateway to a ziggurat.
 62471 | Depths:1 | Found a magical portal.
 62481 | WizLab   | Entered Lehudib's Moon Base
 62794 | WizLab   | Paralysed by accursed screaming for 1 turns
 63120 | WizLab   | Learned a level 9 spell: Glaciate
 63151 | WizLab   | Reached skill level 15 in Spellcasting
 63380 | WizLab   | Gained mutation: Your body is slowly deteriorating. [a neqoxec]
 63774 | WizLab   | Identified Lehudib's Incunabulum of Stones
 64411 | Depths:1 | Reached XP level 26. HP: 181/207 MP: 41/42
 64559 | Depths:1 | Found a gateway to Hell.
 64771 | Depths:1 | Reached skill level 21 in Ice Magic
 64914 | Depths:2 | Hit by a large rock thrown by a stone giant

Action                   |  1- 3 |  4- 6 |  7- 9 | 10-12 | 13-15 | 16-18 | 19-21 | 22-24 | 25-27 || total
-------------------------+-------+-------+-------+-------+-------+-------+-------+-------+-------++-------
Melee: Unarmed           |     7 |       |       |       |       |       |       |    22 |     3 ||    32
       Dagger            |    15 |       |       |       |       |       |       |       |       ||    15
       Whip              |    46 |   110 |   320 |    15 |       |       |       |       |       ||   491
       Glaive            |       |       |    27 |       |       |       |       |       |       ||    27
       Trident           |       |       |    15 |       |   246 |  1304 |   138 |       |       ||  1703
       Spear             |       |       |       |   897 |  2243 |    28 |       |       |       ||  3168
       Demon trident     |       |       |       |       |       |       |  1508 |  1629 |   785 ||  3922
 Fire: Blowgun           |       |       |       |    16 |     4 |       |       |       |       ||    20
Throw: Javelin           |       |       |       |     4 |       |       |       |       |       ||     4
       Throwing net      |       |       |       |       |       |     1 |       |       |       ||     1
 Cast: Freeze            |    49 |    22 |    27 |     4 |    62 |     5 |       |       |       ||   169
       Ozocubu's Armour  |     1 |     4 |    25 |    42 |    69 |    24 |    21 |    28 |     8 ||   222
       Summon Ice Beast  |       |     1 |    38 |    78 |   143 |    33 |     5 |     4 |     6 ||   308
       Repel Missiles    |       |       |       |       |     6 |    10 |     7 |     1 |     4 ||    28
       Bolt of Cold      |       |       |       |       |    39 |    59 |    53 |    57 |    34 ||   242
       Freezing Cloud    |       |       |       |       |    15 |    59 |    29 |    31 |    14 ||   148
       Ozocubu's Refrige |       |       |       |       |    21 |    63 |    51 |    36 |    24 ||   195
       Blink             |       |       |       |       |       |     1 |       |     6 |     1 ||     8
       Regeneration      |       |       |       |       |       |       |     8 |    38 |    11 ||    57
       Orb of Destructio |       |       |       |       |       |       |     3 |    48 |    16 ||    67
Evoke: Wand              |       |       |     2 |     7 |     7 |     4 |       |     3 |     2 ||    25
  Use: Scroll            |       |     2 |    17 |     8 |    14 |     9 |    17 |     9 |     6 ||    82
       Potion            |       |     1 |     1 |     3 |       |     2 |     2 |     2 |     1 ||    12
 Stab: Sleeping          |     1 |     3 |     9 |     7 |    12 |    18 |    48 |     5 |     7 ||   110
       Distracted        |       |       |     1 |     7 |    21 |     3 |     7 |     2 |     3 ||    44
       Petrifying        |       |       |     1 |       |       |       |       |       |       ||     1
       Fleeing           |       |       |       |     2 |       |       |       |       |       ||     2
       Petrified         |       |       |       |       |     1 |     3 |       |       |       ||     4
  Eat: Chunk             |     3 |     8 |    23 |    40 |    76 |    50 |    79 |    80 |    30 ||   389
       Royal jelly       |       |       |     1 |     1 |     1 |       |     1 |       |       ||     4
       Pizza             |       |       |     1 |     1 |     1 |     1 |       |     3 |       ||     7
       Fruit             |       |       |     2 |     1 |     3 |     3 |     6 |     4 |       ||    19
       Beef jerky        |       |       |       |       |     1 |       |     1 |       |       ||     2
       Bread ration      |       |       |       |       |     3 |     7 |     1 |       |     3 ||    14
       Meat ration       |       |       |       |       |     1 |     3 |     2 |     1 |       ||     7
